 Dungeon Crawl Stone Soup version 0.22-a0-825-ga28c36f (webtiles) character file.

214 Amnesiac the Magician (level 5, -2/35 HPs)
             Began as a Mummy Earth Elementalist on July 24, 2018.
             Slain by a gnoll (3 damage)
             ... on level 3 of the Dungeon.
             The game lasted 00:03:00 (1339 turns).

Amnesiac the Magician (Mummy Earth Elementalist)    Turns: 1339, Time: 00:03:00

Health: -2/35      AC:  2    Str: 11    XL:     5   Next: 60%
Magic:  2/12       EV: 12    Int: 15    God:
Gold:   54         SH:  0    Dex: 13    Spells: 3/14 levels left

rFire    x . .     SeeInvis .   b - +0 hand axe
rCold    + . .     Gourm    .   (no shield)
rNeg     + + +     Faith    .   c - +0 robe
rPois    ∞         Spirit   .   (no helmet)
rElec    .         Reflect  .   (no cloak)
rCorr    .         Harm     .   (no gloves)
MR       .....                  (no boots)
Stlth    ++........             (no amulet)
HPRegen  0.11/turn              (no ring)
MPRegen  0.13/turn              (no ring)

@: no status effects
A: no food or potions, fire vulnerability, cold resistance 1, negative energy
resistance 3, torment resistance, unbreathing
a: no special abilities


You were on level 3 of the Dungeon.
You were not hungry.

You visited 1 branch of the dungeon, and saw 4 of its levels.

You collected 54 gold pieces.

Inventory:

Hand Weapons
 b - a +0 hand axe (weapon)
Armour
 c - a +0 robe (worn)
Jewellery
 h - an uncursed ring of wizardry {unknown}
Wands
 e - a wand of iceblast (4)
Scrolls
 a - a scroll of noise {!r, unknown}
 d - 2 scrolls of magic mapping {!r}
 f - a scroll of enchant weapon {!r, unknown}
 g - a scroll of remove curse {!r, unknown}
 i - a scroll of fear {!r, unknown}
 j - a scroll of amnesia {!r, unknown}
 k - a scroll of fog {!r, unknown}


   Skills:
 - Level 1.5 Dodging
 - Level 1.5 Stealth
 - Level 5.0 Spellcasting
 - Level 0.7 Transmutations
 + Level 4.3 Earth Magic


You had 3 spell levels left.
You knew the following spells:

 Your Spells              Type           Power        Failure   Level  Hunger
a - Stone Arrow           Conj/Erth      ##....       21%         3    N/A
b - Passwall              Tmut/Erth      ##......     9%          2    N/A
c - Sandblast             Erth           ###...       2%          1    N/A
d - Lee's Rapid Deconstr  Erth           ###.......   58%         5    N/A

Your spell library contained the following spells:

 Spells                   Type           Power        Failure   Level  Hunger
 Apportation              Tloc           #.....       16%         1    N/A
 Summon Small Mammal      Summ           #...         16%         1    N/A
 Animate Skeleton         Necr           N/A          16%         1    N/A
 Confusing Touch          Hex            #.....       16%         1    N/A
 Petrify                  Tmut/Erth      ##......     50%         4    N/A

Dungeon Overview and Level Annotations

Branches:
Dungeon (4/15)
 Temple: D:4-7

Altars:

Shops:
D:4 (

Annotations:
D:4 Ijyb


Innate Abilities, Weirdness & Mutations

You do not eat or drink.
Your flesh is vulnerable to fire.
You are immune to poison.
Your flesh is cold resistant. (rC+)
You are immune to negative energy. (rN+++)
You are immune to unholy pain and torment.
You can survive without breathing.


Message History

Casting: Stone Arrow (safe; 21% risk of failure)
Confirm with . or Enter, or press ? or * to list all spells.
You don't have enough magic to cast that spell.
There are monsters nearby!
A jackal comes into view.
The jackal barks! x2
The gnoll hits you!
* * * LOW HITPOINT WARNING * * *
Casting: Stone Arrow (safe; 21% risk of failure)
Confirm with . or Enter, or press ? or * to list all spells.
You don't have enough magic to cast that spell.
You hit the gnoll.
The gnoll is lightly wounded.
You hit the jackal but do no damage. The jackal misses you. The gnoll hits you.
* * * LOW HITPOINT WARNING * * *
The jackal closely misses you. The jackal barely misses you.
Casting: Stone Arrow (safe; 21% risk of failure)
Confirm with . or Enter, or press ? or * to list all spells.
You don't have enough magic to cast that spell.
There are monsters nearby!
You hit the gnoll.
The gnoll is moderately wounded.
You completely miss the jackal. You hit the jackal.
The jackal bites you but does no damage.
The gnoll barely misses you.
The jackal bites you but does no damage.
The jackal completely misses you. The gnoll hits you.
* * * LOW HITPOINT WARNING * * *
You closely miss the jackal. You hit the jackal.
You hit the gnoll but do no damage. The jackal closely misses you.
The jackal barely misses you. The jackal closely misses you.
The gnoll hits you!
* * * LOW HITPOINT WARNING * * *
The jackal misses you.
Casting: Stone Arrow (safe; 21% risk of failure)
Confirm with . or Enter, or press ? or * to list all spells.
You don't have enough magic to cast that spell.
The jackal bites you.
* * * LOW HITPOINT WARNING * * *
The jackal barely misses you. The gnoll barely misses you.
The jackal closely misses you.
There are monsters nearby!
You are too injured to fight recklessly!
Casting: Stone Arrow (safe; 21% risk of failure)
Confirm with . or Enter, or press ? or * to list all spells.
You don't have enough magic to cast that spell.
Casting: Stone Arrow (safe; 21% risk of failure)
Confirm with . or Enter, or press ? or * to list all spells.
You don't have enough magic to cast that spell.
You hit the jackal but do no damage.
The jackal is severely wounded.
You hit the jackal but do no damage. You barely miss the gnoll.
The jackal misses you.
A gnoll comes into view. It is wielding a whip.
The jackal closely misses you. The gnoll closely misses you.
The jackal bites you.
* * * LOW HITPOINT WARNING * * *
There are monsters nearby!
You barely miss the gnoll.
The gnoll is moderately wounded.
You barely miss the jackal. You hit the jackal.
You kill the jackal!
The jackal misses you. The gnoll hits you.
You die...

**,*##.....##.####..#.##.##.#####
#,*#.........##.#..#............
#.##.##.####.#.......##.##..##.#
#.#...#.# #.##.#..#.##.##..##.#
#.......# #.##.#.(.........##..
###...### #....).......###.####
#...# ####g######### #.####
#...####### #†# #.....
#.........#*#@#** *****######
####..<####.....hg.# *,,,,,*
.....)........##.#.#***,,,,,*
.....[........*#.#...,,,,,,,* #
..............##.#*###*,,,,,* #
##.#...#.###........# *,,,,,*####
#.#.........(##.##.# ******#....
#.#...#.####.##.##.# #.###
##.#...#.# #.##..#.# #.#≈≈


You could see 2 gnolls and a jackal.

Vanquished Creatures
  A bullfrog (D:4)
  A bullfrog skeleton (D:4)
  A worker ant (D:4)
  2 gnolls (D:3)
  3 adders
  A river rat (D:3)
  2 oozes
  A worm (D:4)
  3 orcs
  5 giant cockroaches
  2 goblins
  3 hobgoblins
  2 jackals (D:3)
  A quokka (D:4)
  2 ball pythons
  A bat (D:1)
  4 rats (D:3)
35 creatures vanquished.

Notes
Turn   | Place    | Note
-------+----------+-------------------------------------------
     0 | D:1      | Amnesiac the Mummy Earth Elementalist began the quest for the Orb.
     0 | D:1      | Reached XP level 1. HP: 13/13 MP: 4/4
   137 | D:2      | Reached XP level 2. HP: 9/19 MP: 0/5
   302 | D:2      | Reached skill level 3 in Spellcasting
   350 | D:2      | You fall through a shaft for 2 floors!
   391 | D:4      | Reached XP level 3. HP: 24/24 MP: 4/7
   395 | D:4      | Learned a level 2 spell: Passwall
   399 | D:4      | Learned a level 3 spell: Stone Arrow
   437 | D:4      | Found Qaemydgh's Weapon Shop.
   452 | D:4      | Noticed a bullfrog
   458 | D:4      | Killed a bullfrog
   458 | D:4      | Reached skill level 4 in Spellcasting
   458 | D:4      | Reached XP level 4. HP: 25/30 MP: 2/10
   851 | D:4      | Noticed Ijyb
   890 | D:4      | Reached XP level 5. HP: 25/35 MP: 5/11
  1073 | D:3      | Reached skill level 5 in Spellcasting
  1083 | D:3      | Learned a level 5 spell: Lee's Rapid Deconstruction
  1171 | D:3      | Found a glowing drain.
  1338 | D:3      | HP: 1/35 [jackal (1)]
  1339 | D:3      | Slain by a gnoll

Vault maps used:
D:1:      sevenhm_arrival_forest_fort_large_2, minmay_misc_feat_roman,
          kennysheep_doodads
D:2:      serial_corexii_hall, corexii_hall_statues_i, corexii_hall_statues_i
D:3:      portal_sewer_entry_c, grunt_decor_cap
D:4:      serial_shops, nicolae_shop_trees, first_ration, uniq_ijyb

Skill      XL: |  1  2  3  4  5 |
---------------+----------------+-----
Earth Magic    | 3 4 |  4.3
Spellcasting   | 3 4 5 |  5.0
Dodging        | |  1.5
Stealth        | |  1.5
Transmutations | |  0.7

Action                   |  1- 3 |  4- 6 || total
-------------------------+-------+-------++-------
Melee: Hand axe          |       |    48 ||    48
 Cast: Sandblast         |    24 |    21 ||    45
       Passwall          |       |     2 ||     2
       Stone Arrow       |       |    12 ||    12
  Use: Scroll            |       |     1 ||     1
 Stab: Sleeping          |       |     2 ||     2
Armor: Robe              |     1 |    10 ||    11
Dodge: Dodged            |     9 |    64 ||    73

Table legend:
 A = Spawn XP
 B = Non-spawn XP
 C = Spawn XP percentage of total XP
 D = Spawn monster count
 E = Non-spawn monster count
 F = Spawn count percentage of total count
 G = Total turns spent on level
                    A         B        C        D         E        F      G
               +---------+---------+-------+---------+---------+-------+---------
         Total |       0 |     307 |   0.0 |       0 |      35 |   0.0 |  1339
               +---------+---------+-------+---------+---------+-------+---------
           D:1 |       0 |       3 |   0.0 |       0 |       2 |   0.0 |   130
           D:2 |       0 |      32 |   0.0 |       0 |       5 |   0.0 |   222
           D:3 |       0 |      89 |   0.0 |       0 |      20 |   0.0 |   418
           D:4 |       0 |     183 |   0.0 |       0 |       8 |   0.0 |   569
               +---------+---------+-------+---------+---------+-------+---------
